 Dungeon Crawl Stone Soup version 0.28.0-45-g0d030f2227 (webtiles) character file.

Game seed: 8655857079560986761

30 zeratav the Insei (level 3, -7/24 HPs)
             Began as an Octopode Transmuter on Apr 5, 2022.
             Mangled by Sigmund
             ... wielding a +0 scythe
              (12 damage)
             ... on level 2 of the Dungeon.
             The game lasted 00:02:15 (1345 turns).

zeratav the Insei (Octopode Transmuter)             Turns: 1345, Time: 00:02:16

Health: -7/24      AC:  1    Str: 11    XL:     3   Next: 20%
Magic:  6/6        EV: 13    Int: 15    God:
Gold:   85         SH:  0    Dex: 12    Spells: 5/6 levels left

rFire   . . .      SeeInvis .     - Unarmed
rCold   . . .      Faith    .   (no shield)
rNeg    . . .      Spirit   .   (helmet currently unavailable)
rPois   .          Reflect  .   (no amulet)
rElec   .          Harm     .   (no ring)
rCorr   .          Rampage  .   (no ring)
Will    .....                   (no ring)
Stlth   ++........              (no ring)
HPRegen 0.08/turn               (no ring)
MPRegen 0.10/turn               (no ring)
                                (no ring)
                                (no ring)

@: appendages (expiring)
A: tentacle spike 3, almost no armour, amphibious, 8 rings, camouflage 1,
gelatinous body 1, (nimble swimmer 1), tentacles
a: End Transformation


You were on level 2 of the Dungeon.
One of your tentacles had grown a beastly spike.
You visited 1 branch of the dungeon, and saw 2 of its levels.

You collected 85 gold pieces.

Inventory:

Jewellery
 i - an amulet of magic regeneration
Wands
 k - a wand of polymorph (9)
Scrolls
 d - 4 scrolls of identify {unknown}
 e - a scroll of amnesia {unknown}
 g - a scroll of fog {unknown}
Potions
 a - a potion of invisibility {unknown}
 b - 2 potions of haste {unknown}
 c - a potion of heal wounds {unknown}
 f - a potion of lignification {unknown}
 h - a potion of curing {unknown}
 j - a potion of attraction {unknown}


   Skills:
 * Level 1.7 Fighting
 + Level 2.2 Dodging
 * Level 3.4 Unarmed Combat
 + Level 2.1 Spellcasting
 + Level 2.2 Transmutations
 + Level 0.4 Ice Magic


You had 5 spell levels left.
You knew the following spells:

 Your Spells              Type           Power      Damage    Failure   Level
a - Beastly Appendage     Tmut           16%        N/A       9%          1

Your spell library contained the following spells:

 Spells                   Type           Power      Damage    Failure   Level
 Wereblood                Tmut           8%         N/A       13%         2
 Spider Form              Tmut/Pois      4%         N/A       38%         3
 Ice Form                 Ice/Tmut       5%         N/A       77%         4


Dungeon Overview and Level Annotations

Branches:
Dungeon (2/15)

Altars:

Annotations:
D:2 Sigmund


Innate Abilities, Weirdness & Mutations

One of your tentacles has grown a beastly spike.
You cannot wear most types of armour.
You are amphibious.
You can wear up to eight rings at the same time.
Your skin changes colour to match your surroundings (Stealth+).
Your rubbery body absorbs attacks. (AC +1, EV +1)
((You are camouflaged when in or above water. (Stealth+)))
You have tentacles for arms and can constrict up to eight enemies at once.


Message History

No target in view!
No target in view!
No target in view!
No target in view!
Things that are here:
a +0 whip; 4 stones; a kobold corpse
d - 4 scrolls labelled GYLEUG GOPRUID (gained 1) Sigmund the Dreaded comes into view.
He is wielding a +0 scythe.
Casting: Beastly Appendage (safe; 9% risk of failure)
Confirm with . or Enter, or press ? or * to list all spells.
One of your tentacles grows a vicious spike.
Sigmund shouts!
You hear a shout!
An endoplasm comes into view.
A hobgoblin comes into view.
Sigmund hits you with a +0 scythe!
You tentacle-slap Sigmund. Your grab misses Sigmund.
Sigmund is lightly wounded.
The endoplasm misses you.
You tentacle-slap Sigmund. You grab Sigmund.
You pierce Sigmund.
You squeeze Sigmund.
Sigmund is moderately wounded.
You constrict Sigmund, but do no damage.
Sigmund barely misses you. The endoplasm barely misses you.
You tentacle-slap Sigmund but do no damage.
You pierce Sigmund.
Sigmund is heavily wounded.
You constrict Sigmund, but do no damage.
The endoplasm freezes you.
You are frozen.
Sigmund closely misses you.
You tentacle-slap Sigmund.
Sigmund is heavily wounded.
Your transformation is almost over.
You constrict Sigmund. The endoplasm freezes you.
You are frozen.
* * * LOW HITPOINT WARNING * * *
You tentacle-slap Sigmund.
You pierce Sigmund.
Sigmund is almost dead.
You constrict Sigmund. Sigmund hits you with a +0 scythe!
Ouch! That really hurt!
You die...

....†.....(.# #........
###.........####.#########.#
............'............>.#
............####.####.####.#
....######### #.####.)###.#
##### #.#.........#
#####.#.###.#####
###...g...###.#
#.....@@......#
..#...J######## #.... #....
#.... ...##. .... .. #.. ..


You could see Sigmund, an endoplasm and a hobgoblin.

Vanquished Creatures
  3 ball pythons (D:1)
  An endoplasm (D:1)
  3 giant cockroaches
  4 goblins (D:1)
  A hobgoblin (D:2)
  4 jackals (D:2)
  3 quokkas (D:1)
  3 bats (D:1)
  3 kobolds
25 creatures vanquished.

Notes
Turn   | Place    | Note
-------+----------+-------------------------------------------
     0 | D:1      | zeratav the Octopode Transmuter began the quest for the
                  | Orb.
     0 | D:1      | Reached XP level 1. HP: 13/13 MP: 3/3
   407 | D:1      | Reached XP level 2. HP: 18/18 MP: 5/5
  1107 | D:1      | Found a faded altar of an unknown god.
  1156 | D:2      | Reached XP level 3. HP: 23/23 MP: 4/6
  1334 | D:2      | Noticed Sigmund
  1345 | D:2      | Mangled by Sigmund

Illustrated notes

Levels and vault maps discovered:
D:1:      lordsloth_arrival_two_stooges, layout_loops_ring,
          dilly_ecumenical_altar_fadedgnrine
D:2:      layout_basic, kennysheep_path_1, kennysheep_nub, uniq_sigmund

Action                   || total
-------------------------++-------
Melee: Unarmed           ||    56
       Tentacles         ||    12
       Kick              ||     7
       Constrict         ||    15
       Punch             ||     1
 Cast: Beastly Appendage ||     4
 Stab: Sleeping          ||     6
Armor: Skin              ||     4
Dodge: Dodged            ||    29
